 Dungeon Crawl Stone Soup version 0.31-a0-506-g3d79149578 (webtiles) character file.

Game seed: 6345388057311505271

49 GordonOverkill the Sneak (level 3, -2/26 HPs)
             Began as an Octopode Delver on Aug 9, 2023.
             Slain by Maggie
             ... wielding a +2 war axe of flaming
              (8 damage)
             ... on level 7 of the Dungeon.
             The game lasted 00:01:29 (355 turns).

GordonOverkill the Sneak (Octopode Delver)           Turns: 355, Time: 00:01:30

Health: -2/26      AC:  1    Str: 11    XL:     3   Next: 77%
Magic:  3/3        EV: 13    Int: 14    God:
Gold:   14         SH:  0    Dex: 13    Spells: 2/2 levels left

rFire   . . .        a - +0 short sword
rCold   . . .        (no shield)
rNeg    . . .        (helmet restricted)
rPois   .            (no amulet)
rElec   .            (no ring)
rCorr   .            (no ring)
SInv    .            (no ring)
Will    .....        (no ring)
Stlth   ++++         (no ring)
HPRegen 0.24/turn    (no ring)
MPRegen 0.08/turn    (no ring)
                     (no ring)

%: no passive effects
@: mesmerised, hasted, very quick
A: almost no armour, amphibious, 8 rings, camouflage 1, gelatinous body 1,
(nimble swimmer 1), tentacles
a: no special abilities


You were on level 7 of the Dungeon.
You visited 1 branch of the dungeon, and saw 3 of its levels.

You collected 14 gold pieces.

Inventory:

Hand Weapons
 a - a +0 short sword (weapon)
Missiles
 h - 2 curare-tipped darts
Wands
 f - a wand of digging (3)
Scrolls
 b - a scroll of fog
 c - a scroll of revelation
 d - a scroll of fear
 g - a scroll of vulnerability {unknown}


   Skills:
 - Level 3.0 Fighting
 + Level 3.6 Short Blades
 + Level 1.3 Throwing
 - Level 2.0 Dodging
 - Level 6.6 Stealth


You had 2 spell levels left.
You didn't know any spells.
Your spell library was empty.

Dungeon Overview and Level Annotations

Branches:
Dungeon (7/15)
 Temple: D:4-7

Altars:
Elyvilon

Annotations:
D:7 Maggie


Innate Abilities, Weirdness & Mutations

You cannot wear most types of armour.
You are amphibious.
You can wear up to eight rings at the same time.
Your skin changes colour to match your surroundings (Stealth+).
Your rubbery body absorbs attacks. (AC +1, EV +1)
((You are camouflaged when in or above water. (Stealth+)))
You have tentacles for arms and can constrict up to eight enemies at once.


Message History

The orc hits you with a +0 short sword.
You closely miss the orc. You grab the orc. You squeeze the orc.
You kill the orc!
You see here a +0 short sword.
Maggie and an orc come into view.
Maggie is wielding a +2 war axe of flaming.
The orc shouts!
Found a wand of digging (8).
The orc shouts!
You feel yourself speed up.
You hit the orc but do no damage. You grab the orc.
You constrict the orc, but do no damage.
The orc hits you with a +0 club.
You hit the orc.
The orc is heavily wounded.
You constrict the orc, but do no damage.
You hit the orc.
You kill the orc!
You closely miss the orc.
Maggie shouts!
You grab the orc. You squeeze the orc.
You kill the orc!
You hear a shout!
Maggie mumbles some strange words.
Maggie attempts to bespell you!
You are mesmerised by Maggie!
You hear a shout!
Items here: )) [[ ††.
You hit Maggie but do no damage. Your grab misses Maggie.
Maggie hits you with a +2 war axe of flaming!
Ouch! That really hurt!
* * * LOW HITPOINT WARNING * * *
Maggie burns you.
* * * LOW HITPOINT WARNING * * *
You hit Maggie but do no damage. You grab Maggie. You constrict Maggie.
You hit Maggie but do no damage.
Maggie is lightly wounded.
You constrict Maggie, but do no damage.
Maggie hits you with a +2 war axe of flaming!
You die...

## #.#####.. ...../. #
..... ....... ##
###########.#.#.#. .##
#.......##........ ..##
#.#####.##..#.#.#. #..##
#.......##.o......
##..#####...####..#.#.#.
#...####...## #........
##...#......###@@#.#.#.
###..........).).......
#......#####........###
#..........#.......###
###..#####.#.........#
#..#####.#.......>.#
#........#.........#.
#....#####..........#
.....................


You could see Maggie (mesmerising) and an orc.

Vanquished Creatures
  An iguana (D:7)
  2 adders (D:5)
  3 orcs (D:7)
6 creatures vanquished.

Notes
Turn   | Place    | Note
-------+----------+-------------------------------------------
     0 | D:5      | GordonOverkill the Octopode Delver began the quest for the
                  | Orb.
     0 | D:5      | Reached XP level 1. HP: 16/16 MP: 1/1
   105 | D:5      | Reached XP level 2. HP: 18/21 MP: 2/2
   131 | D:5      | Found a white marble altar of Elyvilon.
   327 | D:7      | Reached skill level 1 in Throwing
   327 | D:7      | Reached XP level 3. HP: 26/26 MP: 3/3
   339 | D:7      | Noticed Maggie
   355 | D:7      | Slain by Maggie

Illustrated notes

Levels and vault maps discovered:
D:5:      layout_gridville, elyvilon_altar_3, sigmund_army, uniq_ijyb
D:6:      layout_basic, old_standard_altar, uniq_duvessa
D:7:      layout_cave_pods, serial_co_window_serial, co_window_of_opportunity_a,
          co_window_paths_a, co_window_paths_a, co_window_of_opportunity_a,
          co_window_corner_a, co_window_2corner, co_window_of_opportunity_c,
          co_window_of_opportunity_b, co_window_paths_d, glass_columns_c,
          glass_columns_b, glass_columns_b, glass_columns_c, uniq_maggie

Skill      XL: |  1  2 |
---------------+-------+-----
Short Blades   | 3 |  3.6
Throwing       | 1 |  1.3
Fighting       | |  3.0
Dodging        | |  2.0
Stealth        | |  6.6

Action                     || total
---------------------------++-------
  Melee: Short sword       ||    21
         Constrict         ||     6
         Tentacles         ||     3
    Use: Potion            ||     1
   Stab: Sleeping          ||     1
  Dodge: Dodged            ||     6

Table legend: (Time is in decaauts)
 A = Elapsed time spent in this place.
 B = Non-inter-level travel time spent in this place.
 C = Inter-level travel time spent in this place.
 D = Time resting spent in this place.
 E = Time spent auto-exploring this place.
 F = Levels seen in this place.
 G = Mean time per level.
                   A        B        C        D        E       F      G
               +--------+--------+--------+--------+--------+-----+--------+
         Total |    348 |    333 |     15 |     56 |     19 |   3 |  116.0 |
       Dungeon |    348 |    333 |     15 |     56 |     19 |   3 |  116.0 |
               +--------+--------+--------+--------+--------+-----+--------+

Top non-repeatable levels by time:
     D:5: 233 daAuts
     D:7: 87 daAuts
     D:6: 27 daAuts
